 Dungeon Crawl Stone Soup version 0.28.0 (webtiles) character file.

Game seed: 7036560402038111908

183 hikkokomori the Skirmisher (level 5, -2/66 HPs)
             Began as a Formicid Fighter on Feb 8, 2022.
             Succumbed to Robin's poison
             ... on level 2 of the Dungeon.
             The game lasted 00:03:33 (2386 turns).

hikkokomori the Skirmisher (Formicid Fighter)       Turns: 2386, Time: 00:03:34

Health: -2/66      AC: 22    Str: 23    XL:     5   Next: 94%
Magic:  5/5        EV:  2    Int:  7    God:
Gold:   94         SH:  4    Dex: 10    Spells: 4/4 levels left

rFire   . . .      SeeInvis .   a - +0 war axe
rCold   . . .      Faith    .   c - +0 buckler
rNeg    . . .      Spirit   .   (armour currently unavailable)
rPois   +          Reflect  .   (helmet unavailable)
rElec   .          Harm     .   (cloak currently unavailable)
rCorr   .          Rampage  .   (gloves currently unavailable)
Will    .....                   (boots currently unavailable)
Stlth   +.........              (no amulet)
HPRegen 0.21/turn               j - +4 ring of evasion
MPRegen 0.09/turn               (no ring)

@: lethally poisoned (-2 -> -28), tree-form
A: stationary, stasis, torment immunity, boosted hp, permanent stasis, dig
shafts and tunnels, (antennae 3), four strong arms
a: no special abilities


You were on level 2 of the Dungeon.
You were a tree.
You visited 1 branch of the dungeon, and saw 3 of its levels.

You collected 94 gold pieces.

Inventory:

Hand Weapons
 a - a +0 war axe (weapon)
Missiles
 n - 2 poisoned darts
Armour
 b - a +0 scale mail (melded)
 c - a +0 buckler (worn)
 f - a +0 pair of boots (melded)
Jewellery
 j - a +4 ring of evasion (left branch)
Wands
 g - a wand of flame (31)
Scrolls
 e - 4 scrolls of identify {unknown}
 i - a scroll of magic mapping {unknown}
 m - a scroll of fear {unknown}
 p - a scroll of blinking {unknown}
 q - a scroll of teleportation {unknown}
 r - a scroll of amnesia {unknown}
Potions
 d - a potion of might
 h - a potion of mutation {unknown}
 k - a potion of lignification
 l - a potion of magic {unknown}
 o - a potion of cancellation {unknown}


   Skills:
 + Level 5.2 Fighting
 + Level 4.1 Axes
 - Level 3.2 Armour
 + Level 3.8 Shields


You had 4 spell levels left.
You didn't know any spells.
Your spell library was empty.

Dungeon Overview and Level Annotations

Branches:
Dungeon (3/15)

Altars:
Elyvilon

Annotations:
D:2 1 runed translucent door, Crazy Yiuf, Robin


Innate Abilities, Weirdness & Mutations

You are a tree.
Your roots penetrate the ground, keeping you stationary.
You cannot be teleported.
You are immune to unholy pain and torment.
Your maximum health is greatly increased.
Your equipment is partially melded.
You cannot be hasted, slowed, berserked, paralysed or teleported.
You can dig through walls and to a lower floor.
((You have a pair of large antennae on your head. (SInv)))
Your four strong arms can wield two-handed weapons with a shield.


Message History

You hit the hobgoblin.
You kill the hobgoblin!
Robin closely misses you.
Robin hits you with a +1 spear of venom.
You are poisoned.
Items here: ))) ††.
You barely miss Robin.
You feel very sick. Robin barely misses you.
You hit Robin.
Robin is moderately wounded.
You feel very sick.
Robin hits you with a +1 spear of venom.
You are more poisoned.
You block Robin's attack.
You are too injured to fight recklessly!
You are too injured to fight recklessly!
You hit Robin.
Robin is moderately wounded.
You feel very sick. Robin closely misses you.
You hit Robin but do no damage.
Robin is moderately wounded.
* * * LOW HITPOINT WARNING * * *
You feel very sick. Robin hits you but does no damage.
You are lethally poisoned!
You hit Robin.
Robin is severely wounded.
* * * LOW HITPOINT WARNING * * *
You feel very sick.
Robin hits you with a +1 spear of venom.
* * * LOW HITPOINT WARNING * * *
You are more poisoned.
Robin barely misses you.
It was a potion of lignification.
You turn into a tree.
Your +0 pair of boots melds into your body.
Your +0 scale mail melds into your body.
Your roots penetrate the ground.
You die...

#........
##.#.......
........
##.#...#..
..g....
..#.######
#....#
##.#...#..
#....# .#....8..
#....# .......
#.# ...8... ##g#
.......
#.####.♣###.#
....8..
#.....)>..#
.......
.>###..####.....
....... #.# #.#
##.#### #. #. #
#. . # #.


You could see Robin.

Vanquished Creatures
  A scorpion (D:3)
  Jessica (D:2)
  Ijyb (D:3)
  An adder (D:2)
  A worm (D:2)
  4 dart slugs
  2 endoplasms (D:1)
  11 goblins
  9 hobgoblins
  7 kobolds
  2 quokkas
  2 ball pythons (D:1)
  8 bats
  4 rats
54 creatures vanquished.

Notes
Turn   | Place    | Note
-------+----------+-------------------------------------------
     0 | D:1      | hikkokomori the Formicid Fighter began the quest for the
                  | Orb.
     0 | D:1      | Reached XP level 1. HP: 18/18 MP: 1/1
    71 | D:1      | Reached XP level 2. HP: 18/24 MP: 2/2
   514 | D:1      | Reached XP level 3. HP: 30/30 MP: 3/3
   592 | D:1      | Reached skill level 4 in Fighting
  1156 | D:2      | Found a white marble altar of Elyvilon.
  1231 | D:2      | Found a runed translucent door.
  1232 | D:2      | Noticed Crazy Yiuf
  1271 | D:2      | Reached XP level 4. HP: 37/37 MP: 4/4
  1354 | D:2      | Noticed Jessica
  1373 | D:2      | Killed Jessica
  1570 | D:2      | You fall into a shaft and drop 1 floor!
  1780 | D:3      | Noticed a scorpion
  1787 | D:3      | Killed a scorpion
  1788 | D:3      | Reached skill level 5 in Fighting
  1788 | D:3      | Reached XP level 5. HP: 44/44 MP: 5/5
  2045 | D:3      | Noticed Ijyb
  2064 | D:3      | Killed Ijyb
  2359 | D:2      | Noticed Robin
  2385 | D:2      | HP: 2/44 [Robin (4)]
  2386 | D:2      | Succumbed to Robin's poison

Illustrated notes

Levels and vault maps discovered:
D:1:      eino_arrival_water_star, layout_basic, minmay_misc_feat_roman
D:2:      wad_pebble_path, layout_loops_ring, basic_altar,
          minmay_misc_feat_plants, uniq_robin, uniq_crazy_yiuf_cottage,
          uniq_jessica
D:3:      layout_loops_corners, serial_rivers, chequers_serial_rivers_micro_a,
          chequers_serial_rivers_micro_e, chequers_serial_rivers_small_3,
          chequers_serial_rivers_large_b, uniq_ijyb

Skill      XL: |  1  2  3  4 |
---------------+-------------+-----
Fighting       | 4 5 |  5.2
Axes           | 3 4 |  4.1
Armour         | |  3.2
Shields        | |  3.8

Action                   |  1- 3 |  4- 6 || total
-------------------------+-------+-------++-------
Melee: War axe           |    77 |    74 ||   151
Throw: Dart              |       |     9 ||     9
  Use: Potion            |       |     1 ||     1
Armor: Scale mail        |    35 |    43 ||    78
Dodge: Dodged            |    45 |    52 ||    97
Block: Buckler           |    17 |    19 ||    36
